 Dungeon Crawl Stone Soup version 0.26-b1-32-g5d43845318 (webtiles) character file.

Game seed: 1838300668901665301

2779 HoaS the Grappler (level 9, -1/71 HPs)
             Began as a Ghoul Gladiator on Jan 7, 2021.
             Was a Believer of Makhleb.
             Slain by a centaur (2 damage)
             ... on level 8 of the Dungeon.
             The game lasted 00:12:35 (5671 turns).

HoaS the Grappler (Ghoul Gladiator)                 Turns: 5671, Time: 00:12:35

Health: -1/71      AC: 12    Str: 19    XL:     9   Next: 70%
Magic:  8/8        EV:  9    Int:  3    God:    Makhleb [**....]
Gold:   407        SH:  0    Dex: 12    Spells: 8/8 levels left

rFire    . . .     SeeInvis .     - Unarmed
rCold    + . .     Faith    .   (no shield)
rNeg     + + +     Spirit   .   r - +0 chain mail
rPois    ∞         Reflect  .   b - +1 helmet
rElec    .         Harm     .   o - +0 cloak
rCorr    .         Rampage  .   (no gloves)
Will     .....                  (no boots)
Stlth    ..........             (no amulet)
HPRegen  0.00/turn              (no ring)
MPRegen  0.11/turn              (no ring)

@: no status effects
A: claws 1, cold resistance 1, negative energy resistance 3, inhibited
regeneration, torment resistance, unbreathing
a: Renounce Religion, Minor Destruction


You were on level 8 of the Dungeon.
You worshipped Makhleb.
Makhleb was pleased with you.
You visited 1 branch of the dungeon, and saw 8 of its levels.

You collected 407 gold pieces.

Inventory:

Missiles
 a - 46 poisoned darts
 c - 3 throwing nets (quivered)
 q - 4 silver boomerangs
 w - 3 boomerangs
Armour
 b - a +1 helmet (worn)
 o - a +0 cloak (worn)
 r - a +0 chain mail (worn)
Wands
 d - a wand of acid (7)
 f - a wand of random effects (22)
 l - a wand of digging (5)
 n - a wand of disintegration (15)
 t - a wand of enslavement (11)
 u - a wand of polymorph (9)
 x - a wand of flame (28)
Scrolls
 g - 3 scrolls of teleportation
 h - a scroll of identify
 m - a scroll of fog
 p - 2 scrolls of remove curse
 s - 2 scrolls of fear
Potions
 e - 2 potions of magic {unknown}
 i - 3 potions of curing
 j - 2 potions of haste {unknown}
 k - a potion of brilliance {unknown}
 v - 3 potions of attraction


   Skills:
 + Level 4.1 Fighting
 - Level 1.7 Throwing
 + Level 2.6 Armour
 + Level 4.0 Dodging
 * Level 12.8 Unarmed Combat


You had 8 spell levels left.
You didn't know any spells.
Your spell library contained the following spells:

 Spells                   Type           Power        Failure   Level
 Corona                   Hex            0%           100%        1
 Slow                     Hex            0%           100%        2
 Inner Flame              Hex/Fire       0%           100%        3
 Portal Projectile        Hex/Tloc       0%           100%        3
 Cause Fear               Hex            0%           100%        4
 Leda's Liquefaction      Hex/Erth       0%           100%        4


Dungeon Overview and Level Annotations

Branches:
Dungeon (8/15)             Temple (0/1) D:6
   Lair: D:8-11

Altars:
Cheibriados
Elyvilon
Fedhas
Gozag
Hepliaklqana
Makhleb
Nemelex Xobeh
Okawaru
Qazlal
Ru
Sif Muna
Xom


Innate Abilities, Weirdness & Mutations

You thrive by killing the living.
You are immune to poison.
You have sharp fingernails.
Your flesh is cold resistant. (rC+)
You are immune to negative energy. (rN+++)
You do not regenerate when monsters are visible.
You are immune to unholy pain and torment.
You can survive without breathing.


Message History

The killer bee stings you.
* * * LOW HITPOINT WARNING * * *
You closely miss the killer bee.
The killer bee is severely wounded.
The killer bee closely misses you. The orc wizard barely misses you.
The centaur hits you but does no damage.
You miss the killer bee.
The killer bee is severely wounded.
The killer bee stings you.
* * * LOW HITPOINT WARNING * * *
The centaur barely misses you. The orc hits you with a +0 mace.
* * * LOW HITPOINT WARNING * * *
The killer bee stings you but does no damage.
The orc wizard gestures at itself while chanting.
The orc wizard flickers and vanishes!
Deactivating autopickup; reactivate with Ctrl-A.
You feel better. The killer bee stings you.
* * * LOW HITPOINT WARNING * * *
The centaur hits you.
You die...

.................#
.........(.......#
...........#'#...#
##########.#.#...#
#.#.#...# #.#.#...#
#.#.#...# #.#)#.c.#
#####.#.#.o@#
#...#.#.#.{y#
#...#.#.#..[.......
#...#.#.#..........
#...#.#.###........
# #...#.#.#
#........ #
#...#.#.# #........
######...#.#.#
#........
.....'...'.#.#
#........


You could see a centaur, a killer bee and an orc.

Vanquished Creatures
  The ghost of salade2fruit the Covert, a novice OpIE of Xom (D:6)
  Sigmund (D:2)
  Eustachio (D:4)
  A water moccasin (D:7)
  A sky beast (D:5)
  2 ice beasts
  A black bear (D:7)
  A necrophage (D:7)
  2 ogres
  A bullfrog (D:6)
  A scorpion (D:7)
  6 killer bees (D:8)
  3 howler monkeys (D:7)
  A jelly (D:8)
  A quasit (D:7)
  A centaur zombie (D:7)
  A hound (D:7)
  A centaur skeleton (D:7)
  3 orc priests
  An orc wizard (D:6)
  3 bullfrog skeletons
  3 iguanas
  3 worker ants
  A hound zombie (D:7)
  A hound skeleton (D:8)
  4 adders
  4 gnolls
  A shadow imp (D:7)
  An ufetubus (D:7)
  3 oozes
  2 adder skeletons
  4 worms
  2 dart slugs (D:2)
  8 leopard geckos
  11 orcs
  3 giant cockroaches
  13 goblins
  5 hobgoblins
  26 jackals
  3 quokkas
  5 bats
  5 frilled lizards
  7 kobolds
  9 rats
158 creatures vanquished.

Vanquished Creatures (others)
  5 plants (D:1)
5 creatures vanquished.

Grand Total: 163 creatures vanquished

Notes
Turn   | Place    | Note
-------+----------+-------------------------------------------
     0 | D:1      | HoaS the Ghoul Gladiator began the quest for the Orb.
     0 | D:1      | Reached XP level 1. HP: 17/17 MP: 0/0
    69 | D:1      | Reached skill level 4 in Unarmed Combat
    69 | D:1      | Reached XP level 2. HP: 19/24 MP: 1/1
   214 | D:1      | Reached XP level 3. HP: 23/29 MP: 2/2
   428 | D:1      | Reached skill level 5 in Unarmed Combat
   643 | D:2      | Found an iron altar of Okawaru.
   718 | D:2      | Reached XP level 4. HP: 31/36 MP: 3/3
   967 | D:2      | Found a sparkling altar of Nemelex Xobeh.
   972 | D:2      | Found a hazy altar of Hepliaklqana.
   972 | D:2      | Found a sacrificial altar of Ru.
   972 | D:2      | Found a stormy altar of Qazlal.
   994 | D:2      | Found a snail-covered altar of Cheibriados.
   994 | D:2      | Found a shimmering altar of Xom.
  1097 | D:2      | Noticed Sigmund
  1143 | D:2      | Killed Sigmund
  1144 | D:2      | Reached skill level 7 in Unarmed Combat
  1144 | D:2      | Reached XP level 5. HP: 14/41 MP: 4/4
  1144 | D:2      | Reached XP level 6. HP: 16/48 MP: 5/5
  1427 | D:2      | Found a burning altar of Makhleb.
  1427 | D:2      | Noticed a balrug
  1499 | D:2      | Noticed a hellwing
  1499 | D:2      | Noticed a ynoxinul
  1501 | D:2      | Became a worshipper of Makhleb the Destroyer
  1546 | D:3      | Found an opulent altar of Gozag.
  2146 | D:3      | Found a faded altar of an unknown god.
  2467 | D:4      | Found a blossoming altar of Fedhas.
  2469 | D:4      | Noticed Eustachio
  2485 | D:4      | Killed Eustachio
  2486 | D:4      | Reached skill level 8 in Unarmed Combat
  2486 | D:4      | Reached XP level 7. HP: 47/55 MP: 6/6
  2616 | D:4      | Reached * piety under Makhleb
  2638 | D:4      | Found a shimmering blue altar of Sif Muna.
  2871 | D:5      | Entered Level 5 of the Dungeon
  2894 | D:5      | Reached skill level 9 in Unarmed Combat
  3159 | D:5      | Reached skill level 10 in Unarmed Combat
  3342 | D:5      | Reached XP level 8. HP: 61/61 MP: 7/7
  3940 | D:6      | Found a runed translucent door.
  3946 | D:6      | Noticed salade2fruit's ghost (novice OpIE)
  4309 | D:6      | Found a staircase to the Ecumenical Temple.
  4763 | D:6      | Killed salade2fruit's ghost
  4764 | D:6      | Reached skill level 12 in Unarmed Combat
  4826 | D:7      | Reached skill level 1 in Armour
  4826 | D:7      | Reached XP level 9. HP: 68/68 MP: 8/8
  4862 | D:7      | Reached ** piety under Makhleb
  4988 | D:7      | Found a blossoming altar of Fedhas.
  5268 | D:7      | Found a white marble altar of Elyvilon.
  5670 | D:8      | HP: 3/71 [killer bee (6)]
  5671 | D:8      | HP: 1/71 [killer bee (6)]
  5671 | D:8      | Slain by a centaur

Illustrated notes

Levels and vault maps discovered:
D:1:      dpeg_arrival_ternary, layout_rooms, serial_bayou_crossing
D:2:      layout_basic, minmay_overflow_temple_hex, kennysheep_okawaru_gauntlet,
          makhleb_altar_promises_db, uniq_sigmund
D:3:      layout_loops_ring, lemuel_doored_altar,
          chequers_ecumenical_altar_lobes
D:4:      layout_cave_pools, led_sif_pool, fedhas_altar_1, uniq_eustachio
D:5:      layout_basic
D:6:      layout_layer_cave, temple_statues, ebering_ghost_sewer_d
D:7:      layout_gridville, overflow_temple_1_default, kennysheep_mini_moat
D:8:      layout_basic, serial_rivers, chequers_serial_rivers_micro_d,
          chequers_serial_rivers_small_3, chequers_serial_rivers_micro_c,
          chequers_serial_rivers_micro_b, chequers_serial_rivers_micro_b,
          basic_altar, st_stairs_4

Skill      XL: |  1  2  3  4  5  6  7  8  9 |
---------------+----------------------------+-----
Unarmed Combat | 4 5 7 8 10 12 | 12.8
Armour         | 1 2 |  2.6
Dodging        | 3 4 |  4.0
Fighting       | 4 |  4.1
Throwing       | |  1.7

Action                   |  1- 3 |  4- 6 |  7- 9 || total
-------------------------+-------+-------+-------++-------
Melee: Unarmed           |    90 |   143 |   312 ||   545
       Punch             |     1 |     5 |    11 ||    17
Throw: Dart              |    15 |       |       ||    15
       Throwing net      |       |     2 |       ||     2
  Use: Scroll            |     6 |       |    11 ||    17
       Potion            |       |     2 |     6 ||     8
 Stab: Held in net/web   |       |     1 |       ||     1
Armor: Leather armour    |    16 |       |       ||    16
       Scale mail        |     7 |    63 |     8 ||    78
       Chain mail        |       |       |   187 ||   187
Dodge: Dodged            |    46 |    78 |   130 ||   254
